 Dungeon Crawl Stone Soup version 0.19.1-1-g22dce08 (webtiles) character file.

108 dngmouse the Chopper (level 4, -1/41 HPs)
             Began as a Minotaur Berserker on Jan 18, 2017.
             Was a Follower of Trog.
             Succumbed to Ijyb's poison
             ... on level 2 of the Dungeon.
             The game lasted 00:03:08 (991 turns).

dngmouse the Chopper (Minotaur Berserker)            Turns: 991, Time: 00:03:09

Health: -1/41      AC: 11    Str: 23    XL:     4   Next: 58%
Magic:  3/3        EV:  7    Int:  4    God:    Trog [*.....]
Gold:   46         SH:  0    Dex:  9    Spells: 0 memorised, 3 levels left

rFire  . . .     SeeInvis .     a - +0 hand axe
rCold  . . .     Gourm    .     g - +0 plate armour
rNeg   . . .     Faith    +     (no shield)
rPois  .         Spirit   .     (helmet restricted)
rElec  .         Reflect  .     (no cloak)
rCorr  .         Harm     .     (no gloves)
MR     ++...                    (no boots)
Stlth  ..........               i - amulet of faith
                                (no ring)
                                (no ring)

@: lethally poisoned (-1 -> -4), exhausted, regenerating, slowed, very slow
A: retaliatory headbutt, horns 2
a: Berserk, Burn Spellbooks, Renounce Religion


You were on level 2 of the Dungeon.
You worshipped Trog.
Trog was aware of your devotion.
You were near starving.

You visited 1 branch of the dungeon, and saw 2 of its levels.

You collected 46 gold pieces.

Inventory:

Hand Weapons
 a - a +0 hand axe (weapon)
Armour
 g - a +0 plate armour (worn)
 k - a +0 buckler of positive energy
Jewellery
 i - an amulet of faith (around neck)
Scrolls
 b - a scroll of noise {unknown}
 e - a scroll of remove curse {unknown}
 h - a scroll of amnesia {unknown}
 l - 2 scrolls of identify {unknown}
 m - 2 scrolls of teleportation {unknown}
 n - a scroll of fog {unknown}
Potions
 f - a potion of cancellation {unknown}
 o - a potion of flight {unknown}
Comestibles
 c - 2 bread rations
 d - 2 beef jerkies
 j - 8 chunks of flesh


   Skills:
 + Level 4.8 Fighting
 * Level 5.7 Axes
 - Level 2.4 Armour
 - Level 2.1 Dodging


You had 3 spell levels left.
You didn't know any spells.

Dungeon Overview and Level Annotations

Branches:
Dungeon (2/15)

Altars:
Elyvilon


Innate Abilities, Weirdness & Mutations

You reflexively headbutt those who attack you in melee.
You have a pair of horns on your head.


Message History

You feel sick.
You are near starving!
* * * LOW HITPOINT WARNING * * *
You feel sick.
Things that are here:
a dagger of venom; a wand of lightning {empty} You feel a strong urge to attack something.
* * * LOW HITPOINT WARNING * * *
You feel sick.
You see here a giant cockroach corpse.
You butcher the giant cockroach corpse.
* * * LOW HITPOINT WARNING * * *
You feel sick.
You see here a chunk of flesh.
You are too berserk!
You are too berserk!
You feel your anger subside.
You are no longer berserk.
You are exhausted.
You feel yourself slow down.
You die...

.. .# .# ###.#
#####...##
#.....!..#
#........#
#...%@..$#
#####.############
#.#####......## ##
#.#...........##..
#...###+###...#..#
#..##.....##....#
#..#..#.#..#...##
#..')#.#(#.÷.###
#..#†.#.#..#.#


There were no monsters in sight!

Vanquished Creatures
  Ijyb (D:2)
  Terence (D:2)
  3 adders
  2 leopard geckos
  A ball python (D:1)
  5 giant cockroaches
  4 goblins
  A hobgoblin (D:2)
  5 bats
  A frilled lizard (D:2)
  2 kobolds
  5 rats
31 creatures vanquished.

Notes
Turn   | Place    | Note
-------+----------+-------------------------------------------
     0 | D:1      | dngmouse the Minotaur Berserker began the quest for the Orb.
     0 | D:1      | Reached XP level 1. HP: 19/19 MP: 0/0
   139 | D:1      | Reached skill level 4 in Axes
   195 | D:1      | Reached XP level 2. HP: 27/27 MP: 1/1
   838 | D:2      | Reached XP level 3. HP: 33/33 MP: 2/2
   860 | D:2      | Found a white marble altar of Elyvilon.
   899 | D:2      | Noticed Terence
   910 | D:2      | Killed Terence
   910 | D:2      | Reached skill level 5 in Axes
   945 | D:2      | Reached XP level 4. HP: 37/41 MP: 3/3
   957 | D:2      | Reached ** piety under Trog
   979 | D:2      | Noticed Ijyb
   981 | D:2      | HP: 2/41 [Ijyb/wand of lightning (29)]
   986 | D:2      | HP: 3/61 [poisoned by Ijyb]
   987 | D:2      | Killed Ijyb
   987 | D:2      | HP: 1/61 [poisoned by Ijyb]
   991 | D:2      | Succumbed to Ijyb's poison

Skill      XL: |  1  2  3 |
---------------+----------+-----
Axes           | 4 5 |  5.7
Fighting       | 4 |  4.8
Armour         | |  2.4
Dodging        | |  2.1

Action                   |  1- 3 |  4- 6 || total
-------------------------+-------+-------++-------
Melee: Hand axe          |    77 |     9 ||    86
       Headbutt          |     4 |     2 ||     6
Invok: Berserk           |       |     1 ||     1
       Trog's Hand       |       |     1 ||     1
Armor: Plate armour      |    80 |     5 ||    85
Dodge: Dodged            |    36 |     1 ||    37
